 Dungeon Crawl Stone Soup version 0.30-a0-377-g5cb311bc9f (webtiles) character file.

Game seed: 2292064599464568070

54 Angani the Trooper (level 3, -2/33 HPs)
             Began as a Draconian Cinder Acolyte on Nov 30, 2022.
             Was a High Priest of Ignis.
             Slain by a gnoll
             ... wielding a +0 halberd
              (10 damage)
             ... on level 2 of the Dungeon.
             The game lasted 00:02:06 (1607 turns).

Angani the Trooper (Draconian Cinder Acolyte)       Turns: 1607, Time: 00:02:06

Health: -2/33      AC:  5    Str: 16    XL:     3   Next: 66%
Magic:  1/5        EV: 11    Int: 16    God:    Ignis [*****.]
Gold:   75         SH:  0    Dex:  6    Spells: 3/5 levels left

rFire   + . .      SeeInvis .      - Unarmed
rCold   . . .      Faith    .    (no shield)
rNeg    . . .      Spirit   .    (body armour unavailable)
rPois   .          Reflect  .    (helmet restricted)
rElec   .          Harm     .    (no cloak)
rCorr   .          Rampage  .    (no gloves)
Will    .....                    (no boots)
Stlth   +.........               (no amulet)
HPRegen 0.25/turn                (no ring)
MPRegen 0.09/turn                (no ring)

@: no status effects
A: AC +5, unfitting armour, cold-blooded
a: Renounce Religion, Fiery Armour, Foxfire Swarm, Rising Flame


You were on level 2 of the Dungeon.
You worshipped Ignis.
Ignis was extremely pleased with you.
You visited 1 branch of the dungeon, and saw 2 of its levels.

You collected 75 gold pieces.

Inventory:

Jewellery
 b - an amulet of guardian spirit
Scrolls
 a - a scroll of fog {unknown}
 d - 2 scrolls of teleportation {unknown}
 e - 2 scrolls of identify {unknown}
 g - a scroll of immolation {unknown}
 i - a scroll of enchant weapon {unknown}
 j - 3 scrolls of fear {unknown}
 l - a scroll of silence {unknown}
Potions
 c - a potion of haste {unknown}
 f - 2 potions of brilliance {unknown}
 h - a potion of might {unknown}
 k - a potion of lignification {unknown}
 m - a potion of magic {unknown}


   Skills:
 + Level 3.8 Fighting
 + Level 3.5 Unarmed Combat
 + Level 1.7 Spellcasting
 + Level 3.4 Fire Magic


You had 3 spell levels left.
You knew the following spells:

 Your Spells              Type           Power      Damage    Failure   Level
a - Scorch                Fire           24%        2d6       8%          2

Your spell library contained the following spells:

 Spells                   Type           Power      Damage    Failure   Level
 Inner Flame              Hex/Fire       6%         N/A       30%         3
 Cause Fear               Hex            0%         N/A       91%         4
 Discord                  Hex            0%         N/A       100%        8


Dungeon Overview and Level Annotations

Branches:
Dungeon (2/15)

Altars:


Innate Abilities, Weirdness & Mutations

Your plain brown scales are hard. (AC +5)
You cannot fit into any form of body armour.
You are cold-blooded and may be slowed by cold attacks.


Message History

The gnoll shouts!
A gnoll comes into view. It is wielding a +0 whip.
Casting: Scorch (safe; 8% risk of failure)
Press: ? - help, Q - select action Dir - look around, f - activate Nothing appears to happen.
Unknown command.
Casting: Scorch (safe; 8% risk of failure)
Press: ? - help, Q - select action Dir - look around, f - activate Flames lash the gnoll.
The gnoll is heavily wounded.
The gnoll's fire resistance burns away.
Unknown command.
You don't have enough magic to cast this spell.
Unknown command.
Unknown command.
The gnoll is no longer more vulnerable to fire.
Casting: Scorch (safe; 8% risk of failure)
Press: ? - help, Q - select action Dir - look around, f - activate Flames lash the gnoll.
The gnoll is moderately wounded.
The gnoll's fire resistance burns away.
Unknown command.
The gnoll is no longer more vulnerable to fire.
The gnoll hits you with a +0 whip. The gnoll closely misses you.
The gnoll attacks as you move away! The gnoll hits you with a +0 whip.
The gnoll hits you from afar with a +0 halberd.
The gnoll attacks as you move away! The gnoll hits you with a +0 whip.
You hit the gnoll.
The gnoll is severely wounded.
The gnoll hits you but does no damage. The gnoll misses you.
The gnoll barely misses you.
You hit the gnoll.
The gnoll is almost dead.
The gnoll closely misses you. The gnoll hits you with a +0 halberd!
You hit the gnoll but do no damage.
The gnoll is almost dead.
The gnoll hits you with a +0 whip.
* * * LOW HITPOINT WARNING * * *
The gnoll hits you with a +0 halberd!
You die...

######.# #.#### #.#
#.##.# #.# #.##.# #.#
###.##.######### #.#
#............... ###.#
#.#.##..........
###.#.###.#.##.#########
#.......g...##.####
###.#...g@..........#
#.......##.##.##.##.###
###...................#
#.....#..##.#..##.#.#
##..###>[.......#.#.#
#..# #.###.#.<.....#
#..# #.# #.#.###...####
#..###.###...(.#.#....#
#..##..................


You could see 2 gnolls.

Vanquished Creatures
  2 adders (D:2)
  A worm (D:2)
  5 ball pythons
  2 endoplasms (D:2)
  A giant cockroach (D:1)
  2 goblins
  3 hobgoblins
  3 quokkas
  5 bats
  A frilled lizard (D:2)
  2 kobolds (D:1)
  5 rats
32 creatures vanquished.

Notes
Turn   | Place    | Note
-------+----------+-------------------------------------------
     0 | D:1      | Angani the Draconian Cinder Acolyte began the quest for the
                  | Orb.
     0 | D:1      | Reached XP level 1. HP: 19/19 MP: 2/2
   313 | D:1      | Reached XP level 2. HP: 26/26 MP: 3/3
   912 | D:2      | Learned a level 2 spell: Scorch
  1272 | D:2      | Reached XP level 3. HP: 28/31 MP: 5/5
  1607 | D:2      | Slain by a gnoll

Illustrated notes

Levels and vault maps discovered:
D:1:      minmay_arrival_open_corners, layout_basic
D:2:      layout_basic, basic_altar

Action                   || total
-------------------------++-------
Melee: Unarmed           ||   114
       Tailslap          ||    11
       Punch             ||     1
 Cast: Scorch            ||     7
Armor: Skin              ||    35
Dodge: Dodged            ||    77

Table legend: (Time is in decaauts)
 A = Elapsed time spent in this place.
 B = Non-inter-level travel time spent in this place.
 C = Inter-level travel time spent in this place.
 D = Time resting spent in this place.
 E = Time spent auto-exploring this place.
 F = Levels seen in this place.
 G = Mean time per level.
                   A        B        C        D        E       F      G
               +--------+--------+--------+--------+--------+-----+--------+
         Total |   1600 |   1576 |     24 |      0 |   1307 |   2 |  800.0 |
       Dungeon |   1600 |   1576 |     24 |      0 |   1307 |   2 |  800.0 |
               +--------+--------+--------+--------+--------+-----+--------+

Top non-repeatable levels by time:
     D:1: 896 daAuts
     D:2: 704 daAuts
